 Dungeon Crawl Stone Soup version 0.23-a0-701-gd76f34b (console) character file.

28 Duffy the Firebug (level 3, 20/24 HPs)
             Began as a Demonspawn Fire Elementalist on Jan 12, 2019.
             Quit the game on level 2 of the Dungeon.
             The game lasted 00:01:38 (1214 turns).

Duffy the Firebug (Demonspawn Fire Elementalist)    Turns: 1214, Time: 00:01:38

Health: 20/24      AC:  2    Str:  8    XL:     3   Next: 0%
Magic:  3/6        EV: 12    Int: 17    God:
Gold:   103        SH:  0    Dex: 13    Spells: 6/7 levels left

rFire    . . .     SeeInvis .   m - +3 spear
rCold    . . .     Gourm    .   (no shield)
rNeg     . . .     Faith    .   a - +0 robe
rPois    .         Spirit   .   (no helmet)
rElec    .         Reflect  .   (no cloak)
rCorr    .         Harm     .   (no gloves)
MR       .....                  (no boots)
Stlth    +++.......             (no amulet)
HPRegen  0.08/turn              (no ring)
MPRegen  0.10/turn              (no ring)

@: no status effects
A: claws 1, nightstalker 1
a: no special abilities


You were on level 2 of the Dungeon.
You were not hungry.

You visited 1 branch of the dungeon, and saw 2 of its levels.

You collected 103 gold pieces.

Inventory:

Hand Weapons
 i - a +0 spear
 m - a +3 spear (weapon)
Armour
 a - a +0 robe (worn)
Scrolls
 b - a scroll of immolation {unknown}
 d - a scroll of enchant armour {unknown}
 e - 4 scrolls of identify {unknown}
 j - a scroll of magic mapping {unknown}
 l - a scroll of remove curse {unknown}
Potions
 f - a potion of mutation {unknown}
 g - a potion of berserk rage {unknown}
 k - a potion of brilliance {unknown}
Comestibles
 c - 2 rations
 h - a chunk of flesh


   Skills:
 - Level 1.7 Dodging
 - Level 1.7 Stealth
 + Level 2.5 Spellcasting
 + Level 2.0 Conjurations
 - Level 3.0 Fire Magic


You had 6 spell levels left.
You knew the following spells:

 Your Spells              Type           Power        Failure   Level  Hunger
h - Flame Tongue          Conj/Fire      ##...        7%          1    #......

Your spell library contained the following spells:

 Spells                   Type           Power        Failure   Level  Hunger
 Throw Flame              Conj/Fire      ##....       10%         2    ##.....
 Conjure Flame            Conj/Fire      ##......     21%         3    ###....
 Inner Flame              Hex/Fire       #.......     30%         3    ###....
 Sticky Flame             Conj/Fire      ##......     54%         4    #####..
 Fireball                 Conj/Fire      ##........   88%         5    ######.


Dungeon Overview and Level Annotations

Branches:
Dungeon (2/15)

Altars:


Innate Abilities, Weirdness & Mutations

You have sharp fingernails.
You are slightly more attuned to the shadows.


Message History

The worm is severely wounded.
You hit the worm.
The worm is severely wounded.
The worm bites you.
You hit the worm.
The worm is severely wounded.
The worm completely misses you.
Attack whom?
Press: ? - help, Dir - move target cursor, f - frilled lizard, p - worm
Aim: a frilled lizard You reach to attack!
You hit the frilled lizard.
You kill the frilled lizard!
You have reached level 3!
Your experience leads to an increase in your attributes!
Increase (S)trength, (I)ntelligence, or (D)exterity?
You feel clever.
You feel monstrous as your demonic heritage exerts itself.
Your demonic ancestry asserts itself...
Your fingernails lengthen.
Are you sure you want to abandon this character and quit the game? (Confirm with "yes".)

###.# .# ## ..#
..# ..# #.# #.#.#
#.#.# ## #.#@# #..
#.#.# #####.#
#.#.# ...#.#
#.#w######
##.#.####.#.......
#.....##....######
#.........#.#
#...%<##.##.#
......).##.##.#


You could see a worm.

Vanquished Creatures
  3 dart slugs (D:1)
  2 leopard geckos (D:1)
  3 ball pythons (D:1)
  A giant cockroach (D:1)
  A hobgoblin (D:1)
  4 bats
  2 frilled lizards
  3 kobolds
  3 rats (D:1)
22 creatures vanquished.

Notes
Turn   | Place    | Note
-------+----------+-------------------------------------------
     0 | D:1      | Duffy the Demonspawn Fire Elementalist began the quest for
                  | the Orb.
     0 | D:1      | Reached XP level 1. HP: 13/13 MP: 3/3
   251 | D:1      | Gained mutation: You are slightly more attuned to the
                  | shadows. [demonic ancestry]
   251 | D:1      | Reached XP level 2. HP: 11/19 MP: 1/5
   610 | D:1      | Reached skill level 3 in Fire Magic
  1213 | D:2      | Gained mutation: You have sharp fingernails. [demonic
                  | ancestry]
  1213 | D:2      | Reached XP level 3. HP: 20/24 MP: 3/6
  1214 | D:2      | Quit the game

Vault maps used:
D:1:      dpeg_arrival_simpleton_a
D:2:      uniq_crazy_yiuf_cottage

Skill      XL: |  1  2 |
---------------+-------+-----
Fire Magic     | 3 |  3.0
Conjurations   | 2 |  2.0
Dodging        | |  1.7
Stealth        | |  1.7
Spellcasting   | |  2.5

Action                   || total
-------------------------++-------
Melee: Unarmed           ||     4
       Spear             ||     7
 Cast: Flame Tongue      ||    37
 Stab: Sleeping          ||     1
  Eat: Chunk             ||     1
Armor: Robe              ||     5
Dodge: Dodged            ||    22

Table legend:
 A = Non-vault XP
 B = Vault XP
 C = Vault XP percentage of total XP
 D = Non-vault monster count
 E = Vault monster count
 F = Vault count percentage of total count
                 A         B        C        D         E       F
            +---------+---------+-------+---------+---------+-------
      Total |      41 |       0 |   0.0 |      22 |       0 |   0.0
            +---------+---------+-------+---------+---------+-------
        D:1 |      38 |       0 |   0.0 |      19 |       0 |   0.0
        D:2 |       3 |       0 |   0.0 |       3 |       0 |   0.0
            +---------+---------+-------+---------+---------+-------
